 Dungeon Crawl Stone Soup version 0.28.0-43-g3370ac3207 (webtiles) character file.

Game seed: 14497223477236505441

107 terff the Chopper (level 4, -8/40 HPs)
             Began as a Hill Orc Fighter on Apr 1, 2022.
             Killed by divine providence
             ... invoked by an orc priest
              (13 damage)
             ... on level 3 of the Dungeon.
             The game lasted 00:03:07 (2983 turns).

terff the Chopper (Hill Orc Fighter)                Turns: 2983, Time: 00:03:07

Health: -8/40      AC: 10    Str: 18    XL:     4   Next: 86%
Magic:  4/4        EV:  9    Int:  8    God:
Gold:   78         SH:  5    Dex: 12    Spells: 3/3 levels left

rFire   . . .      SeeInvis .   a - +0 war axe
rCold   . . .      Faith    .   c - +0 buckler
rNeg    . . .      Spirit   .   b - +0 scale mail
rPois   .          Reflect  .   j - +2 helmet
rElec   .          Harm     .   (no cloak)
rCorr   .          Rampage  .   (no gloves)
Will    .....                   (no boots)
Stlth   ..........              (no amulet)
HPRegen 0.13/turn               (no ring)
MPRegen 0.09/turn               (no ring)

@: no status effects
A: no striking features
a: Convert to Beogh


You were on level 3 of the Dungeon.
You visited 1 branch of the dungeon, and saw 3 of its levels.

You collected 78 gold pieces.

Inventory:

Hand Weapons
 a - a +0 war axe (weapon)
Armour
 b - a +0 scale mail (worn)
 c - a +0 buckler (worn)
 j - a +2 helmet (worn)
 n - a +0 helmet of see invisible
Scrolls
 h - 2 scrolls of teleportation
 k - a scroll of noise {unknown}
 m - a scroll of amnesia {unknown}
Potions
 d - 2 potions of might
 e - a potion of degeneration
 f - a potion of flight
 g - a potion of ambrosia {unknown}
 i - a potion of curing
 l - a potion of resistance {unknown}


   Skills:
 + Level 4.0 Fighting
 + Level 4.1 Axes
 + Level 4.1 Armour
 + Level 1.1 Dodging
 + Level 3.8 Shields


You had 3 spell levels left.
You didn't know any spells.
Your spell library was empty.

Dungeon Overview and Level Annotations

Branches:
Dungeon (3/15)

Altars:
Qazlal
Trog
Beogh

Shops:
D:1 ((


Message History

The orc priest is heavily wounded.
You barely miss the orc. You hit the orc.
You kill the orc!
The orc priest shouts, "Beogh is our master!
Accept the truth or die!"
You block the orc priest's attack. The orc hits you but does no damage.
You barely miss the orc priest.
The orc priest is heavily wounded.
You hit the orc but do no damage.
The orc priest hits you but does no damage.
The orc hits you with a +1 trident of protection.
The orc priest hits you with a +0 mace of holy wrath.
The orc closely misses you.
You hit the orc priest but do no damage.
The orc priest is heavily wounded.
You hit the orc.
The orc priest hits you but does no damage.
The orc barely misses you.
You barely miss the orc priest.
The orc priest is heavily wounded.
You hit the orc.
You kill the orc!
The orc priest calls down the wrath of Beogh upon you.
Pain shoots through your body!
You hit the orc priest.
The orc priest is severely wounded.
You slash the orc!
You kill the orc!
The orc priest hits you with a +0 mace of holy wrath!
* * * LOW HITPOINT WARNING * * *
The orc priest closely misses you.
You closely miss the orc priest.
The orc priest is severely wounded.
The orc priest hits you with a +0 mace of holy wrath.
* * * LOW HITPOINT WARNING * * *
You closely miss the orc priest.
The orc priest shouts, "Beogh is our master!
Accept the truth or die!"
The orc priest is severely wounded.
The orc priest invokes the aid of Beogh against you.
Beogh smites you!
You die...

###### #....# #....#
##...# .....# ###.##
#### ....# ##.$.# #####
#.8.8.###
###########_$$.o@)#
..........#.8.8)#)#
.......#####...##.####
.####..#
#####..##.######
.##....#
#..........####
)##.##)#
#....)#..#....#
.#.#.#.###
##.#...#.#.##.#
.........#
#.#...######.#
.....#...########.#[###
#.#


You could see an orc priest.

Vanquished Creatures
  4 adders
  A worm (D:3)
  2 dart slugs (D:1)
  5 orcs (D:3)
  2 ball pythons
  3 bats
  5 endoplasms
  3 giant cockroaches
  6 goblins
  5 hobgoblins
  2 jackals (D:1)
  4 quokkas
  2 frilled lizards (D:2)
  8 kobolds
  2 rats (D:1)
54 creatures vanquished.

Vanquished Creatures (collateral kills)
  A hobgoblin (D:1)
1 creature vanquished.

Grand Total: 55 creatures vanquished

Notes
Turn   | Place    | Note
-------+----------+-------------------------------------------
     0 | D:1      | terff the Hill Orc Fighter began the quest for the Orb.
     0 | D:1      | Reached XP level 1. HP: 19/19 MP: 1/1
    52 | D:1      | Reached XP level 2. HP: 16/27 MP: 2/2
   171 | D:1      | Found Giwnua's Weapon Shop.
   536 | D:1      | Reached XP level 3. HP: 32/33 MP: 3/3
   721 | D:1      | Found a faded altar of an unknown god.
   818 | D:1      | Found Digom's Weapon Boutique.
  1323 | D:2      | Reached XP level 4. HP: 40/40 MP: 4/4
  1932 | D:3      | Reached skill level 1 in Dodging
  2012 | D:3      | Found a bloodstained altar of Trog.
  2288 | D:3      | Found a stormy altar of Qazlal.
  2968 | D:3      | Found a roughly hewn altar of Beogh.
  2983 | D:3      | Killed from afar by an orc priest

Illustrated notes

Levels and vault maps discovered:
D:1:      amcnicky_arrival_gap_in_the_tavern_cellar, layout_rooms, serial_shops,
          nicolae_shop_bloodbath_and_beyond, shop,
          shapermc_ecumenical_altar_mp_highgroup
D:2:      layout_loops_ring, grunt_ministairs_8, minmay_misc_feat_five
D:3:      layout_loops_cross, mainiacjoe_overflow_six_doors_small,
          serial_aquarium, aquarium_bridge_island_large
          [aquarium_subvault_large_water, aquarium_subvault_window,
          aquarium_subvault_wall, aquarium_subvault_bridge,
          aquarium_subvault_balcony], aquarium_window_fake,
          aquarium_window_corner, aquarium_window_corridor_1, aquarium_view_2c,
          kennysheep_flooded_box, kennysheep_orc_chapel

Skill      XL: |  1  2  3  4 |
---------------+-------------+-----
Axes           | 3 4 |  4.1
Dodging        | 1 |  1.1
Fighting       | 4 |  4.0
Armour         | 4 |  4.1
Shields        | |  3.8

Action                   |  1- 3 |  4- 6 || total
-------------------------+-------+-------++-------
Melee: War axe           |   100 |    79 ||   179
  Use: Scroll            |     4 |     3 ||     7
Armor: Scale mail        |    40 |    42 ||    82
Dodge: Dodged            |    49 |    64 ||   113
Block: Buckler           |    27 |    27 ||    54
